Map: Terraform LE (Void)

Players

iQuitBYE - Winner!

  • Race: Protoss Protoss
  • League: Grandmaster

MoonLjth - Winner!

  • Race: Protoss Protoss
  • League: Platinum

Guibz

  • Race: Zerg Zerg
  • League: Gold

Yorgoon

  • Race: Zerg Zerg
  • League: Silver

VOD

Have the link to the VOD?

Description

Time

  • Played on: Oct. 2, 2015, 5:34 p.m.
  • Length: 11:38
Show
View Real Time Build Order
Export as new Build Order

iQuitBYE Protoss - Winner!

Build Orders: Oracle Opening 

Get SALT Encoding   

  12  0:01  Probe (Chrono Boost)  
  13  0:14  Pylon  
  13  0:18  Probe (Chrono Boost)  
  14  0:29  Probe (Chrono Boost)  
  15  0:36  Gateway  
  15  0:41  Probe (Chrono Boost)  
  16  0:47  Assimilator  
  16  0:52  Probe (Chrono Boost)  
  17  1:02  Probe (Chrono Boost)  
  18  1:06  Pylon  
  18  1:07  Assimilator  
  18  1:13  Probe (Chrono Boost)  
  19  1:24  Probe (Chrono Boost)  
  20  1:29  Cybernetics Core  
  20  1:31  Zealot  
  23  1:41  Probe (Chrono Boost)  
  23  1:52  Pylon  
  23  1:53  Probe (Chrono Boost)  
  26  2:09  Mothership Core (Chrono Boost), Warp Gate  
  26  2:11  Adept  
  28  2:29  Probe (Chrono Boost)  
  29  2:39  Probe (Chrono Boost)  
  30  2:51  Nexus  
  30  2:56  Probe (Chrono Boost)  
  31  3:00  Pylon  
  31  3:08  Stargate  
  31  3:19  Probe (Chrono Boost)  
  32  3:23  Sentry  
  32  3:24  Pylon  
  34  3:29  Probe (Chrono Boost)  
  35  3:46  Gateway  
  36  3:49  Gateway, Probe (Chrono Boost)  
  36  3:56  Oracle  
  36  4:01  Probe (Chrono Boost)  
  37  4:05  Probe (Chrono Boost)  
  36  4:13  Probe (Chrono Boost)  
  36  4:16  Probe (Chrono Boost)  
  38  4:22  Robotics Facility  
  39  4:25  Probe (Chrono Boost)  
  39  4:26  Probe (Chrono Boost)  
  39  4:30  Oracle  
  40  4:37  Probe x2 (Chrono Boost)  
  38  4:46  Adept  
  38  4:49  Probe x2 (Chrono Boost)  
  42  4:59  Probe (Chrono Boost)  
  44  5:01  Probe (Chrono Boost)  
  44  5:10  Probe (Chrono Boost)  
  44  5:13  Probe (Chrono Boost)  
  46  5:20  Probe (Chrono Boost), Robotics Bay  
  47  5:22  Adept  
  47  5:26  Probe (Chrono Boost)  
  48  5:31  Probe (Chrono Boost)  
  49  5:36  Assimilator  
  49  5:38  Probe (Chrono Boost)  
  49  5:41  Probe (Chrono Boost)  
  51  5:46  Observer  
  51  5:47  Assimilator  
  53  5:50  Probe (Chrono Boost)  
  53  5:52  Probe (Chrono Boost)  
  54  5:58  Pylon  
  54  6:16  Probe (Chrono Boost)  
  54  6:18  Probe (Chrono Boost), Disruptor  
  59  6:27  Probe (Chrono Boost), Forge  
  59  6:28  Probe (Chrono Boost)  
  59  6:31  Pylon  
  59  6:32  Pylon  
  61  6:37  Probe (Chrono Boost)  
  62  6:48  Twilight Council  
  62  6:49  Probe x2 (Chrono Boost)  
  62  6:53  Nexus  
  64  6:55  Pylon  
  64  7:00  Probe x2 (Chrono Boost)  
  66  7:07  Disruptor, Pylon  
  69  7:11  Probe x2 (Chrono Boost), Adept  
  69  7:12  Adept x2  
  69  7:15  Protoss Ground Weapons Level 1  
  77  7:21  Probe (Chrono Boost)  
  78  7:24  Gateway  
  78  7:25  Gateway  
  72  7:38  Stalker x2  
  72  7:48  Disruptor  
  72  7:49  Probe (Chrono Boost)  
  72  7:50  Probe (Chrono Boost)  
  77  7:55  Photon Cannon  
  77  8:00  Probe (Chrono Boost)  
  77  8:01  Probe (Chrono Boost)  
  79  8:07  Assimilator  
  79  8:12  Adept x3  
  83  8:16  Resonating Glaives  
  85  8:21  Probe (Chrono Boost)  
  85  8:23  Disruptor  
  85  8:24  Assimilator  
  89  8:30  Gateway  
  89  8:32  Gateway  
  89  8:33  Gateway  
  89  8:34  Adept x3  
  95  8:44  Robotics Facility  
  95  8:50  Pylon  
  95  8:53  Adept x2  
  99  9:00  Observer  
  100  9:06  Adept x3  
  106  9:12  Gateway x2  
  106  9:15  Gateway, Probe (Chrono Boost)  
  106  9:16  Protoss Ground Weapons Level 2  
  107  9:22  Adept x2  
  111  9:32  Disruptor  
  111  9:33  Observer  
  111  9:35  Pylon  
  115  9:39  Pylon  
  115  9:40  Stalker  
  115  9:44  Pylon  
  117  9:54  Observer  
  117  9:59  Pylon  
  118  10:02  Stalker  
  118  10:03  Stalker  
  118  10:04  Pylon  
  122  10:08  Pylon  
  122  10:10  Pylon  
  120  10:14  Pylon  
  118  10:24  Stalker x2  
  118  10:25  Stalker x2  
  126  10:29  Pylon  
  124  10:42  Disruptor  
  124  10:43  Disruptor  
  124  10:46  Pylon  
  130  10:53  Forge  
  116  11:16  Stalker x4  
  116  11:17  Stalker x2  
  122  11:20  Gateway  
Show
View Real Time Build Order
Export as new Build Order

MoonLjth Protoss - Winner!

Build Orders:  

Get SALT Encoding   

  12  0:01  Drone  
  13  0:08  Drone  
  14  0:15  Extractor  
  14  0:16  Drone  
  14  0:33  Spawning Pool  
  13  0:35  Drone  
  14  0:45  Overlord  
  14  1:05  Drone x3  
  17  1:21  Drone  
  17  1:22  Queen  
  20  1:29  Metabolic Boost  
  20  1:35  Drone  
  21  1:45  Overlord  
  21  1:51  Zergling x2  
  22  2:05  Zergling x2  
  23  2:14  Drone  
  24  2:27  Drone  
  25  2:31  Extractor  
  24  2:39  Hatchery  
  24  2:44  Overlord  
  23  2:48  Drone x2  
  23  2:49  Drone  
  26  2:51  Lair  
  26  3:03  Spine Crawler  
  24  3:10  Drone  
  24  3:11  Drone  
  26  3:25  Zergling x6  
  29  3:39  Zergling x2  
  29  3:40  Zergling x6  
  33  3:52  Hydralisk Den  
  31  3:57  Zergling x2  
  31  3:58  Zergling x2  
  29  4:03  Queen  
  31  4:12  Queen  
  31  4:14  Lurker Den  
  33  4:18  Drone  
  33  4:19  Drone x2  
  36  4:35  Drone x2  
  36  4:55  Evolution Chamber  
  36  4:57  Hydralisk  
  36  4:58  Hydralisk x2  
  34  5:28  Hydralisk x2  
  33  5:30  Drone x2  
  39  5:44  Spore Crawler x2  
  37  5:56  Muscular Augments  
  33  6:16  Drone, Lurker  
  33  6:17  Drone x2  
  38  6:18  Drone  
  38  6:26  Lurker  
  39  6:39  Drone x2  
  43  6:40  Drone x2  
  42  7:02  Drone  
  42  7:03  Drone  
  42  7:04  Overlord  
  44  7:09  Overlord  
  44  7:11  Zerg Missile Weapons Level 1  
  44  7:19  Pneumatized Carapace  
  44  7:25  Drone x4  
  48  7:37  Drone x4  
  48  7:41  Drone x2  
  45  7:50  Roach Warren  
  41  8:00  Drone  
  41  8:01  Drone x4  
  41  8:02  Drone  
  47  8:12  Hydralisk x2  
  49  8:14  Hydralisk  
  53  8:28  Extractor  
  53  8:30  Extractor  
  53  8:31  Glial Reconstitution  
  53  8:33  Roach x4  
  59  8:37  Overlord  
  59  8:39  Drone  
  60  9:05  Zerg Ground Armor Level 1  
  60  9:06  Roach x4  
  60  9:08  Overlord x2  
  68  9:17  Hatchery  
  67  9:39  Evolution Chamber  
  67  9:41  Roach x7  
  67  9:42  Roach  
  67  9:44  Roach  
  85  10:17  Hydralisk  
  85  10:18  Hydralisk x4  
  85  10:21  Overlord  
  74  10:39  Lurker x2  
  74  10:42  Lurker  
  77  10:45  Hydralisk  
  77  10:47  Zergling x2  
  77  10:48  Zergling x18  
  55  11:18  Roach  
Show
View Real Time Build Order
Export as new Build Order

Guibz Zerg 

Build Orders:  

Get SALT Encoding   

Show
View Real Time Build Order
Export as new Build Order

Yorgoon Zerg 

Build Orders:  

Get SALT Encoding   

Tags
 
Add a new tag
Caveats
  • Supply blocks, unpowered buildings, or Contaminate may cause inaccurate times.
  • Supply counts are checked every 10 seconds.